Map: Backwater LE

Players

Nerchio - Winner!

  • Race: Zerg Zerg
  • Spawn Location: 5:00

Impact

  • Race: Zerg Zerg
  • Spawn Location: 11:00

Event: IEM Season 12 - Katowice

VOD

Have the link to the VOD?

Description

Time

  • Played on: March 2, 2018, 8:02 a.m.
  • Length: 12:21

All games in this series

Show
View Real Time Build Order
Export as new Build Order

Nerchio Zerg - Winner!

Build Orders: Hatch First, Roach Hydra 

Get SALT Encoding   

  12  0:00  Drone  
  13  0:12  Overlord  
  13  0:17  Drone  
  14  0:30  Drone x2  
  14  0:34  Drone  
  17  0:52  Hatchery  
  17  0:55  Drone  
  17  0:58  Drone  
  18  1:08  Extractor  
  17  1:12  Spawning Pool  
  17  1:16  Drone  
  17  1:19  Drone  
  18  1:28  Drone  
  19  2:00  Zergling x4  
  21  2:01  Zergling x2  
  21  2:02  Spine Crawler  
  21  2:04  Zergling x2  
  21  2:08  Baneling Nest  
  23  2:09  Queen  
  23  2:13  Zergling x2  
  26  2:17  Zergling x2  
  27  2:29  Overlord  
  25  2:40  Overlord  
  25  2:48  Queen  
  25  2:50  Drone  
  28  2:51  Baneling  
  28  2:52  Baneling x2  
  25  2:59  Zergling x2  
  25  3:00  Zergling x2  
  25  3:04  Drone  
  26  3:14  Baneling x2  
  26  3:15  Drone  
  26  3:17  Drone x2  
  26  3:18  Drone  
  29  3:24  Queen  
  30  3:46  Hatchery  
  29  3:49  Zergling x2  
  29  3:51  Hatchery  
  29  3:55  Overlord  
  29  4:01  Zergling x4  
  30  4:05  Metabolic Boost  
  29  4:10  Drone  
  29  4:11  Drone  
  32  4:18  Hatchery  
  32  4:21  Zergling x2  
  32  4:26  Zergling x2  
  33  4:41  Hatchery  
  33  4:42  Zergling x2  
  33  4:44  Zergling x2  
  34  4:50  Zergling x4  
  36  4:57  Zergling x2  
  37  5:11  Zergling x2  
  37  5:12  Zergling x6  
  41  5:23  Zergling x2  
  41  5:25  Baneling x6  
  42  5:31  Drone  
  42  5:33  Drone  
  44  5:36  Drone  
  44  5:37  Drone x2, Baneling x2  
  44  5:38  Baneling  
  44  5:41  Drone  
  48  5:47  Drone  
  47  5:52  Drone  
  42  5:59  Drone x2  
  40  6:05  Drone  
  40  6:06  Drone x5  
  40  6:07  Drone  
  40  6:10  Zergling x2  
  40  6:11  Zergling x2  
  47  6:15  Drone  
  48  6:19  Drone  
  48  6:20  Evolution Chamber, Drone  
  49  6:26  Lair, Extractor  
  49  6:28  Drone  
  49  6:31  Drone  
  50  6:33  Drone x2, Extractor  
  50  6:35  Drone  
  50  6:38  Drone x2  
  54  6:43  Drone x3  
  54  6:45  Drone  
  58  6:48  Zerg Missile Weapons Level 1  
  58  6:51  Overlord  
  57  6:54  Overlord  
  57  6:58  Overlord  
  57  7:09  Drone, Roach Warren  
  57  7:11  Drone x5  
  57  7:12  Drone  
  57  7:14  Drone x2  
  65  7:16  Drone  
  65  7:19  Drone x2  
  68  7:23  Queen  
  68  7:25  Overseer  
  68  7:28  Overlord  
  70  7:38  Unknown  
  70  7:42  Extractor  
  70  7:43  Extractor  
  68  7:44  Extractor  
  68  7:45  Drone  
  68  7:46  Drone x7  
  68  7:48  Glial Reconstitution  
  68  7:51  Hydralisk Den  
  74  7:53  Drone x2, Evolution Chamber  
  74  7:55  Drone, Hatchery  
  74  7:56  Drone  
  74  7:57  Drone  
  77  7:59  Pneumatized Carapace  
  77  8:03  Overlord  
  77  8:06  Zergling x2  
  77  8:07  Zergling x6  
  77  8:08  Baneling  
  77  8:09  Baneling  
  77  8:11  Roach  
  77  8:12  Roach  
  85  8:14  Roach  
  85  8:16  Overlord  
  85  8:19  Roach  
  89  8:21  Roach  
  89  8:23  Roach  
  89  8:24  Roach  
  89  8:25  Baneling  
  89  8:26  Baneling  
  94  8:29  Hydralisk, Grooved Spines  
  94  8:32  Hydralisk  
  94  8:33  Baneling  
  96  8:39  Hydralisk x3  
  100  8:47  Hydralisk x2  
  104  8:50  Zerg Missile Weapons Level 2  
  104  8:52  Spore Crawler  
  103  8:58  Zerg Ground Armor Level 1  
  103  9:00  Spore Crawler  
  103  9:01  Spore Crawler  
  103  9:02  Overlord x2  
  101  9:12  Overlord  
  101  9:14  Hydralisk x4  
  109  9:20  Hydralisk  
  109  9:21  Hydralisk  
  109  9:22  Hydralisk  
  107  9:26  Hydralisk x2  
  103  9:34  Hydralisk x3  
  103  9:36  Hydralisk  
  108  9:39  Roach  
  108  9:40  Muscular Augments  
  108  9:45  Drone x5  
  109  9:51  Lurker Den  
  109  9:52  Roach x2  
  112  9:57  Roach  
  112  9:58  Roach  
  116  10:00  Unknown x2  
  116  10:02  Roach  
  116  10:06  Spore Crawler  
  117  10:10  Overlord x2  
  117  10:13  Roach x2  
  118  10:14  Overlord  
  118  10:26  Infestation Pit  
  118  10:27  Queen  
  119  10:29  Roach x5  
  119  10:30  Roach  
  119  10:32  Roach  
  119  10:33  Roach  
  119  10:35  Roach  
  137  10:37  Extractor  
  137  10:42  Roach x2, Overlord  
  140  10:43  Overlord  
  140  10:46  Overlord  
  140  10:48  Overlord  
  140  10:51  Overlord  
  140  10:54  Overlord  
  140  10:58  Overlord x2  
  140  11:03  Roach  
  142  11:04  Roach x2  
  142  11:05  Roach  
  142  11:07  Roach  
  142  11:10  Roach x2  
  154  11:12  Roach  
  154  11:13  Roach  
  154  11:18  Roach x2  
  162  11:20  Roach  
  162  11:21  Roach  
  162  11:23  Roach  
  166  11:26  Roach  
  166  11:32  Roach x3  
  157  11:33  Roach  
  157  11:34  Roach  
  157  11:36  Roach  
  157  11:37  Roach  
  157  11:39  Roach  
  155  11:41  Roach  
  155  11:51  Roach  
  155  11:52  Ravager  
  155  11:53  Ravager  
  163  11:54  Roach  
  163  11:56  Roach  
  163  11:58  Roach  
  163  11:59  Roach  
Show
View Real Time Build Order
Export as new Build Order

Impact Zerg 

Build Orders: 1 Base Baneling Bust, Pool First, Zergling Baneling 

Get SALT Encoding   

  12  0:16  Spawning Pool  
  11  0:21  Drone  
  11  0:27  Drone  
  13  0:29  Extractor  
  13  0:33  Drone  
  13  0:44  Overlord  
  13  1:03  Zergling x4  
  15  1:05  Zergling x2  
  16  1:15  Zergling x2  
  16  1:16  Queen  
  19  1:27  Zergling x2  
  19  1:31  Metabolic Boost  
  20  1:38  Zergling x2  
  21  1:48  Baneling Nest  
  21  1:53  Zergling x2  
  21  1:59  Zergling x2  
  22  2:09  Overlord  
  22  2:27  Zergling x6  
  22  2:29  Zergling x2  
  24  2:32  Baneling  
  24  2:33  Baneling  
  24  2:36  Baneling  
  24  2:41  Zergling x2  
  25  2:47  Zergling x2  
  25  2:49  Baneling  
  24  3:00  Drone x2  
  24  3:05  Drone  
  25  3:08  Baneling  
  25  3:14  Baneling  
  25  3:18  Drone  
  27  3:20  Drone  
  27  3:27  Drone  
  27  3:35  Drone  
  26  3:50  Hatchery  
  26  3:53  Drone  
  25  4:03  Drone  
  25  4:05  Drone  
  26  4:12  Drone  
  26  4:20  Drone x2  
  28  4:24  Queen  
  28  4:27  Overlord  
  29  4:35  Zergling x2  
  30  4:46  Drone x3  
  30  4:52  Drone, Baneling  
  34  4:54  Baneling  
  34  5:03  Drone  
  34  5:04  Drone  
  36  5:13  Drone, Hatchery  
  36  5:15  Drone  
  37  5:25  Drone  
  37  5:26  Drone  
  39  5:31  Baneling  
  39  5:33  Zergling x10  
  39  5:35  Overlord  
  44  5:36  Baneling  
  44  5:41  Spine Crawler  
  43  5:49  Zergling x2  
  43  5:51  Baneling  
  44  5:59  Drone x3  
  44  6:03  Drone  
  41  6:06  Drone  
  41  6:07  Drone  
  41  6:09  Drone  
  37  6:14  Baneling x2  
  37  6:16  Baneling  
  37  6:17  Drone  
  38  6:20  Lair  
  38  6:21  Drone  
  38  6:23  Drone  
  40  6:26  Drone  
  40  6:30  Drone  
  40  6:31  Queen  
  43  6:35  Drone  
  44  6:40  Drone x2  
  44  6:41  Drone  
  44  6:42  Drone x2  
  44  6:43  Extractor x2  
  47  6:48  Drone  
  48  6:56  Drone x2  
  48  6:57  Drone  
  50  7:03  Drone x3  
  50  7:04  Drone  
  50  7:06  Extractor  
  53  7:10  Drone x2  
  53  7:11  Drone x2  
  53  7:13  Overlord x2  
  57  7:18  Spire  
  57  7:19  Overseer  
  57  7:22  Drone  
  57  7:27  Overlord  
  57  7:28  Overlord  
  57  7:33  Drone x3  
  57  7:34  Extractor  
  57  7:36  Drone  
  57  7:37  Extractor  
  59  7:38  Drone  
  59  7:39  Drone  
  59  7:40  Drone x4  
  59  7:43  Zergling x2  
  66  7:45  Zergling x2  
  66  7:48  Zergling x4  
  66  7:49  Zergling x2  
  71  7:51  Drone  
  71  7:55  Zergling x2  
  72  7:59  Zergling x2  
  73  8:06  Overlord x2  
  73  8:07  Zergling x2  
  73  8:08  Zergling x4  
  73  8:12  Overlord x2  
  75  8:30  Mutalisk  
  75  8:31  Mutalisk x7  
  90  8:37  Mutalisk  
  90  8:38  Mutalisk x2  
  95  8:44  Mutalisk  
  95  8:47  Drone x6  
  102  8:53  Drone x2  
  104  8:56  Drone x2  
  104  8:57  Hydralisk Den  
  104  8:58  Evolution Chamber  
  104  9:02  Roach Warren  
  103  9:05  Drone x2  
  103  9:08  Overlord x2  
  97  9:30  Grooved Spines  
  94  9:32  Zerg Missile Weapons Level 1  
  94  9:34  Lurker Den  
  94  9:36  Overlord  
  94  9:37  Hydralisk  
  94  9:38  Hydralisk x7  
  100  9:48  Glial Reconstitution  
  100  9:49  Hatchery  
  99  9:54  Roach x5  
  99  9:55  Roach  
  99  9:58  Roach  
  99  9:59  Roach  
  115  10:02  Roach x2  
  115  10:04  Overlord  
  115  10:07  Roach  
  121  10:13  Roach x4  
  129  10:19  Overlord x2  
  129  10:20  Overlord  
  129  10:32  Ravager  
  130  10:37  Unknown x3  
  130  10:38  Roach x2  
  130  10:39  Roach x6, Ravager  
  130  10:40  Ravager x2  
  149  10:43  Roach  
  149  10:45  Roach  
  149  10:46  Overlord  
  149  10:48  Overlord  
  153  10:51  Overlord  
  153  10:52  Extractor  
  153  10:56  Pneumatized Carapace  
  152  10:58  Muscular Augments  
  152  11:07  Roach x3  
  152  11:08  Roach x2  
  162  11:14  Roach x3  
  167  11:21  Lurker x2  
  167  11:22  Lurker  
  167  11:24  Drone  
  167  11:25  Drone x4  
  175  11:26  Spine Crawler  
  175  11:28  Unknown  
  175  11:29  Roach x2  
  175  11:31  Roach x2  
  156  11:34  Roach  
  156  11:35  Roach x2  
  156  11:39  Roach x2  
  128  11:47  Roach x3  
  128  11:48  Roach x2  
  128  11:51  Hydralisk  
  128  11:52  Hydralisk  
  140  11:55  Hydralisk  
  140  11:57  Ravager x5  
  140  11:59  Overseer  
  140  12:00  Unknown  
  140  12:01  Roach  

Tags
 
Add a new tag
Caveats
  • Supply blocks, unpowered buildings, or Contaminate may cause inaccurate times.
  • Supply counts are checked every 10 seconds.